 Dungeon Crawl Stone Soup version 0.30-a0-556-g0a0f5a245f (webtiles) character file.

Game seed: 7348661695041948608

6864 Bnni the Skirmisher (level 11, 0/86 HPs)
             Began as a Formicid Hexslinger on Dec 27, 2022.
             Was a Believer of Okawaru.
             Slain by Soborki's ghost (14 damage)
             ... on level 8 of the Dungeon.
             The game lasted 00:30:38 (10375 turns).

Bnni the Skirmisher (Formicid Hexslinger)          Turns: 10375, Time: 00:30:38

Health: 0/86       AC: 10    Str: 17    XL:     11   Next: 26%
Magic:  0/24       EV: 15    Int: 15    God:    Okawaru [**....]
Gold:   1401       SH:  0    Dex: 16    Spells: 5/16 levels left

rFire   . . .      SeeInvis +    g - +4 longbow of Plog {drain, rPois Str+2}
rCold   . . .      Faith    .    (no shield)
rNeg    . . .      Spirit   +    z - +0 steam dragon scales
rPois   +          Reflect  .    (helmet unavailable)
rElec   .          Harm     .    u - +0 cloak
rCorr   .          Rampage  .    (no gloves)
Will    +....                    j - +2 pair of boots
Stlth   +++                      A - amulet of guardian spirit
HPRegen 0.34/turn                v - ring of magical power
MPRegen 0.19/turn                (no ring)

@: heroic
A: permanent stasis, dig shafts and tunnels, antennae 3, four strong arms
a: Dig, Shaft Self, Renounce Religion, Heroism


You were on level 8 of the Dungeon.
You worshipped Okawaru.
Okawaru was pleased with you.
You visited 2 branches of the dungeon, and saw 9 of its levels.
You also visited: Bailey.

You collected 1611 gold pieces.
You spent 210 gold pieces at shops.

Inventory:

Hand Weapons
 g - the +4 longbow of Plog (weapon) {drain, rPois Str+2}
   (You acquired it in a bailey)

   A truly terrible weapon, it drains the life of any living foe it strikes.
   Str:       It affects your strength (+2).
   rPois:     It protects you from poison.
 i - the +9 staff of Olgreb {rPois∞}
   (You took it off an orc warrior in a bailey)

   If the wielder is skilled in Evocations, they can envenom those struck by it,
   dealing poison damage which bypasses armour.
   It enhances your poison magic.
   It grants immunity to poison.
   It can be activated via the 'a'bility menu to radiate toxic energy, with
   effectiveness depending on Evocations skill.
Missiles
 x - 6 curare-tipped darts
Armour
 j - a +2 pair of boots (worn)
 u - a +0 cloak (worn)
 z - +0 steam dragon scales (worn)
Jewellery
 v - a ring of magical power (left hand)
 A - an amulet of guardian spirit (around neck)
Wands
 a - a wand of paralysis (9)
 c - a wand of flame (26)
 y - a wand of light (24)
 B - a wand of iceblast (10)
Scrolls
 b - 2 scrolls of poison
 d - a scroll of immolation
 h - 3 scrolls of amnesia {unknown}
 k - 4 scrolls of vulnerability
 l - 2 scrolls of enchant armour {unknown}
 m - 3 scrolls of fear
 n - 2 scrolls of enchant weapon {unknown}
Potions
 e - 3 potions of degeneration {unknown}
 o - 3 potions of curing
 p - a potion of resistance
 q - 2 potions of experience {unknown}
 r - 2 potions of lignification {unknown}
 t - 3 potions of brilliance {unknown}
 w - 2 potions of mutation {unknown}
 C - 2 potions of might {unknown}
 D - a potion of attraction {unknown}
 F - a potion of heal wounds {unknown}
 G - a potion of cancellation {unknown}
 H - a potion of flight {unknown}


   Skills:
 + Level 8.1(13.1) Fighting
 * Level 10.6(15.6) Ranged Weapons
 - Level 1.7(6.7) Dodging
 - Level 3.1 Spellcasting
 - Level 10.0 Hexes
 - Level 3.0 Translocations
 - Level 3.0 Fire Magic
 + Level 5.3 Invocations


You had 5 spell levels left.
You knew the following spells:

 Your Spells              Type           Power      Damage    Failure   Level
a - Slow                  Hex            100%       N/A       1%          1
b - Inner Flame           Hex/Fire       21%        N/A       4%          3
c - Portal Projectile     Hex/Tloc       42%        N/A       4%          3
d - Cause Fear            Hex            16%        N/A       3%          4

Your spell library contained the following spells:

 Spells                   Type           Power      Damage    Failure   Level
 Ensorcelled Hibernation  Hex/Ice        34%        N/A       3%          2
 Cigotuvi's Dreadful Rot  Necr/Pois/Air  4%         N/A       30%         2
 Passwall                 Tmut/Erth      1%         N/A       30%         2
 Manifold Assault         Tloc           11%        N/A       50%         4
 Flame Wave               Conj/Fire      6%         2d5       71%         4
 Sticky Flame             Conj/Fire      6%         2d3       71%         4
 Dispel Undead            Necr           2%         3d7       89%         4
 Storm Form               Tmut/Air       1%         N/A       100%        7
 Blink                    Tloc           Unusable   N/A       N/A         2
 Swiftness                Air            Unusable   N/A       N/A         3
 Death Channel            Necr           Unusable   N/A       N/A         6
 Malign Gateway           Summ/Tloc      Unusable   N/A       N/A         7
 Summon Horrible Things   Summ           Unusable   N/A       N/A         8

Dungeon Overview and Level Annotations

Branches:
Dungeon (8/15)             Temple (1/1) D:7          Bailey (visited)
   Lair: D:8-11

Altars:
Ashenzari
Cheibriados
Elyvilon
Gozag
Kikubaaqudgha
Makhleb
Okawaru
Qazlal
Ru
Sif Muna
Trog
Uskayaw
Vehumet
Wu Jian
Xom
Yredelemnul
Zin
The Shining One
Jiyva

Shops:
D:2 =   D:5 [

Annotations:
D:8 Soborki's ghost, novice MiBe


Innate Abilities, Weirdness & Mutations

You cannot be hasted, slowed, berserked, paralysed or teleported.
You can dig through walls and to a lower floor.
You have a pair of large antennae on your head. (SInv)
Your four strong arms can wield two-handed weapons with a shield.


Message History

Soborki's ghost resists with almost no effort.
Casting: Slow (safe; 1% risk of failure)
Confirm with . or Enter, or press ? or * to list all spells.
Aiming: Slow (safe; 1% risk of failure)
Press: ? - help, Shift-Dir - straight line, f/p - Soborki's ghost
Aim: Soborki's ghost (heavily damaged, chance to affect: 19%) Soborki's ghost resists with almost no effort.
You are no longer teleporting projectiles to their destination.
You gain the combat prowess of a mighty hero.
Soborki's ghost hits you.
Casting: Slow (safe; 1% risk of failure)
Confirm with . or Enter, or press ? or * to list all spells.
Aiming: Slow (safe; 1% risk of failure)
Press: ? - help, Shift-Dir - straight line, f/p - Soborki's ghost
Aim: Soborki's ghost (heavily damaged, chance to affect: 19%) Soborki's ghost resists with almost no effort.
Soborki's ghost hits you!
Casting: Slow (safe; 1% risk of failure)
Confirm with . or Enter, or press ? or * to list all spells.
Aiming: Slow (safe; 1% risk of failure)
Press: ? - help, Shift-Dir - straight line, f/p - Soborki's ghost
Aim: Soborki's ghost (heavily damaged, chance to affect: 19%) Soborki's ghost resists with almost no effort.
Soborki's ghost hits you!!
* * * LOW HITPOINT WARNING * * *
Casting: Slow (safe; 1% risk of failure)
Confirm with . or Enter, or press ? or * to list all spells.
Aiming: Slow (safe; 1% risk of failure)
Press: ? - help, Shift-Dir - straight line, f/p - Soborki's ghost
Aim: Soborki's ghost (heavily damaged, chance to affect: 19%) Soborki's ghost resists with almost no effort.
Soborki's ghost hits you.
* * * LOW HITPOINT WARNING * * *
Okay, then.
Are you sure you want to shaft yourself?
Soborki's ghost hits you!
* * * LOW HITPOINT WARNING * * *
You begin to dig a shaft.
You continue digging a shaft.
Soborki's ghost hits you!
You die...

..........#............# #.
.#####.##.###.###......# #####.
.#####.##.# #.#.#......# #.....
...W...##.# #...#....<.# ###.##
.########.#####.#......# #####.[.
........#.#.......###### #.......
#.......#'#.....#....# #.###...
#............####.##.#####.###...
#..............W@................
#............###.....#..........÷
#.......#........................
#.......########.....#..<........
#.......# #.....#...........
######### #.....#...........
#.....#..........#
#.....#..........#
#######........).#


You could see Soborki's ghost.

Vanquished Creatures
  2 orc knights (Bailey)
  Pikel (D:8)
  2 kobold demonologists (Bailey)
  A hornet (D:7)
  A slime creature (D:8)
  Grinder (D:5)
  A wyvern (D:7)
  3 steam dragons (D:6)
  An acid dragon (D:8)
  A water moccasin (D:8)
  3 black bears
  9 orc warriors (Bailey)
  3 ice beasts
  A centaur (D:6)
  2 sky beasts (D:6)
  3 phantoms
  A kobold brigand (D:8)
  2 bullfrogs (D:6)
  3 lemures (D:8)
  A necrophage (D:6)
  A scorpion (D:6)
  5 electric eels (Bailey)
  4 howler monkeys
  A gnoll bouda (D:6)
  Crazy Yiuf (D:4)
  4 hounds
  8 orc priests
  3 jellies
  6 iguanas
  5 orc wizards
  9 adders
  4 gnolls (Bailey)
  A river rat (D:4)
  3 white imps
  2 ufetubi
  8 worms
  4 dart slugs
  40 orcs
  7 bats
  10 endoplasms
  7 giant cockroaches
  19 goblins
  21 hobgoblins
  2 jackals (D:2)
  4 quokkas
  9 ball pythons
  A frilled lizard (D:1)
  16 kobolds
  7 rats
254 creatures vanquished.

Vanquished Creatures (others)
  42 plants
42 creatures vanquished.

Grand Total: 296 creatures vanquished

Notes
Turn   | Place    | Note
-------+----------+-------------------------------------------
     0 | D:1      | Bnni the Formicid Hexslinger began the quest for the Orb.
     0 | D:1      | Reached XP level 1. HP: 15/15 MP: 2/2
    39 | D:1      | Reached XP level 2. HP: 21/21 MP: 3/3
   251 | D:1      | Reached XP level 3. HP: 26/26 MP: 5/5
   255 | D:1      | Learned a level 3 spell: Inner Flame
   691 | D:2      | Found Bapt's Jewellery Shop.
   703 | D:2      | Reached XP level 4. HP: 30/32 MP: 6/6
   783 | D:2      | Found a basalt altar of Yredelemnul.
  1145 | D:2      | Reached skill level 1 in Fire Magic
  1729 | D:3      | Reached XP level 5. HP: 38/38 MP: 7/7
  2165 | D:3      | Found a stormy altar of Qazlal.
  2367 | D:3      | Reached skill level 5 in Hexes
  2381 | D:3      | Reached XP level 6. HP: 3/44 MP: 7/9
  2947 | D:4      | Learned a level 4 spell: Cause Fear
  3579 | D:4      | Found a runed translucent door.
  3580 | D:4      | Noticed Crazy Yiuf
  3593 | D:4      | Killed Crazy Yiuf
  3974 | D:5      | Entered Level 5 of the Dungeon
  3974 | D:5      | Found Lamero's Antique Armour Shoppe.
  3978 | D:5      | Bought a pair of embroidered boots for 210 gold pieces
  3999 | D:5      | Reached XP level 7. HP: 38/51 MP: 8/10
  4057 | D:5      | Learned a level 3 spell: Portal Projectile
  4066 | D:5      | Noticed Grinder
  4072 | D:5      | Killed Grinder
  4466 | D:5      | Reached XP level 8. HP: 52/58 MP: 12/12
  4599 | D:5      | Reached skill level 5 in Ranged Weapons
  5173 | D:5      | Found a sacrificial altar of Ru.
  5649 | D:6      | Reached XP level 9. HP: 64/66 MP: 13/13
  5877 | D:6      | Reached skill level 5 in Fighting
  6046 | D:6      | Found a white marble altar of Elyvilon.
  6198 | D:6      | Found a broken altar of Ashenzari.
  6955 | D:6      | Reached skill level 1 in Translocations
  7072 | D:7      | Reached XP level 10. HP: 69/76 MP: 14/14
  7206 | D:7      | Reached skill level 10 in Hexes
  7853 | D:7      | Found a staircase to the Ecumenical Temple.
  7862 | Temple   | Entered the Ecumenical Temple
  8066 | Temple   | Became a worshipper of Warmaster Okawaru
  8194 | D:8      | Reached skill level 1 in Invocations
  8291 | D:8      | Found an opulent altar of Gozag.
  8336 | D:8      | Found an ancient bone altar of Kikubaaqudgha.
  8462 | D:8      | Noticed Pikel
  8468 | D:8      | Killed Pikel
  8468 | D:8      | Reached * piety under Okawaru
  8708 | D:8      | Found a runed translucent gate.
  8708 | D:8      | Found a runed translucent gate.
  8708 | D:8      | Found a runed translucent gate.
  8710 | D:8      | Noticed Soborki's ghost (novice MiBe)
  8744 | D:8      | Found a flagged portal.
  8765 | Bailey   | Entered a bailey
  9119 | Bailey   | Noticed an orc knight
  9172 | Bailey   | Killed an orc knight
  9181 | Bailey   | HP: 3/79 [orc warrior/+0 hand axe (11)]
  9196 | Bailey   | Reached ** piety under Okawaru
  9301 | Bailey   | Noticed a kobold demonologist
  9309 | Bailey   | Killed a kobold demonologist
  9310 | Bailey   | Reached XP level 11. HP: 54/84 MP: 14/15
  9435 | Bailey   | Reached skill level 10 in Ranged Weapons
  9492 | Bailey   | Acquired 1096 gold pieces
  9494 | Bailey   | Acquired the +4 longbow of Plog {drain, rPois Str+2}
  9658 | Bailey   | Identified the +2 robe of Ennui {rN+ Regen+ Int-4}
  9948 | Bailey   | Noticed an orc knight
  9954 | Bailey   | Killed an orc knight
  9955 | Bailey   | Reached skill level 5 in Invocations
  9958 | Bailey   | Found an iron altar of Okawaru.
 10210 | D:8      | Found a viscous altar of Jiyva.
 10375 | D:8      | Slain by Soborki's ghost

Illustrated notes

Levels and vault maps discovered:
D:1:      dpeg_arrival_arbitrary_b, layout_rooms
D:2:      layout_basic, serial_shops,
          nicolae_shop_temple_entry_statues_fountains, basic_altar,
          minmay_misc_feat_plants
D:3:      layout_loops_ring, marbit_many_paths, chequers_avenue,
          amcnicky_mini_corridor_feature
D:4:      layout_loops_ring, lightli_sewer_entry_pipes, minmay_misc_feat_rugged,
          minmay_ruptured, uniq_crazy_yiuf_cottage
D:5:      layout_basic, lemuel_crystal_altar, serial_shops,
          nicolae_shop_hallway_stairs, hangedman_decor_lopped,
          serial_bayou_lagoon_a, serial_park_tiny_pond, interstate_on_off,
          uniq_grinder
D:6:      cheibrodos_steamvent, layout_basic, elyvilon_altar_4,
          mainiacjoe_overflow_alcove_1, minmay_checkerbox
D:7:      layout_loops_cross, minmay_temple_entry_enclosed_plants
D:8:      layout_basic, mainiacjoe_overflow_catwalk,
          nicolae_kikubaaqudgha_miasma_corner, gammafunk_ghost_ooze,
          enter_bailey_5, uniq_pikel
Temple:   nicolae_temple_bog_church

Skill      XL: |  1  2  3  4  5  6  7  8  9 10 11 |
---------------+----------------------------------+-----
Hexes          | 4 5 6 8 9 10 | 10.0
Ranged Weapons | 3 4 6 7 9 10 | 10.6
Fire Magic     | 1 2 3 |  3.0
Fighting       | 2 3 4 5 7 8 |  8.1
Spellcasting   | 2 3 |  3.1
Translocations | 1 3 |  3.0
Invocations    | 4 5 |  5.3
Dodging        | |  1.7

Action                   |  1- 3 |  4- 6 |  7- 9 | 10-12 || total
-------------------------+-------+-------+-------+-------++-------
 Fire: Sling             |   135 |   343 |   284 |       ||   762
       Shortbow          |       |       |    66 |   187 ||   253
       Longbow           |       |       |       |    57 ||    57
 Cast: Slow              |     1 |    17 |    35 |    40 ||    93
       Inner Flame       |       |     5 |    19 |    19 ||    43
       Portal Projectile |       |       |       |     4 ||     4
       Cause Fear        |       |       |       |     1 ||     1
Invok: Heroism           |       |       |       |     1 ||     1
 Abil: Dig               |       |     1 |       |     1 ||     2
       Shaft Self        |       |       |       |     1 ||     1
Evoke: Wand              |       |       |       |     1 ||     1
  Use: Scroll            |       |     5 |     2 |     6 ||    13
       Potion            |       |       |       |     2 ||     2
Armor: Robe              |    21 |    36 |    37 |       ||    94
       Steam dragon scal |       |       |    50 |    20 ||    70
Dodge: Dodged            |    64 |   140 |   158 |    63 ||   425

Table legend: (Time is in decaauts)
 A = Elapsed time spent in this place.
 B = Non-inter-level travel time spent in this place.
 C = Inter-level travel time spent in this place.
 D = Time resting spent in this place.
 E = Time spent auto-exploring this place.
 F = Levels seen in this place.
 G = Mean time per level.
                   A        B        C        D        E       F      G
               +--------+--------+--------+--------+--------+-----+--------+
         Total |  10610 |  10363 |    247 |   2138 |   5582 |  10 | 1061.0 |
       Dungeon |   8997 |   8775 |    222 |   1468 |   5158 |   8 | 1124.6 |
        Temple |    212 |    187 |     25 |      0 |    177 |   1 |  212.0 |
        Bailey |   1400 |   1400 |      0 |    670 |    247 |   1 | 1400.0 |
               +--------+--------+--------+--------+--------+-----+--------+

Top non-repeatable levels by time:
     D:6: 1666 daAuts
     D:4: 1413 daAuts
  Bailey: 1400 daAuts
     D:5: 1370 daAuts
     D:3: 1187 daAuts
     D:7: 927 daAuts
     D:8: 912 daAuts
     D:2: 846 daAuts
     D:1: 673 daAuts
  Temple: 212 daAuts
